 Dungeon Crawl Stone Soup version 0.29-a0-529-gfa20dd96a1 (webtiles) character file.

Game seed: 5204203686007448058

9 lesaewzxc the Ducker (level 2, 0/23 HPs)
             Began as a Meteoran Wanderer on June 1, 2022.
             Succumbed to an adder's poison
             ... on level 2 of the Dungeon.
             The game lasted 00:03:48 (545 turns).

lesaewzxc the Ducker (Meteoran Wanderer)             Turns: 545, Time: 00:03:49

Health: 0/23       AC:  3    Str: 11    XL:     2   Next: 35%
Magic:  3/5        EV: 13    Int: 14    God:
Gold:   31         SH:  6    Dex: 14    Spells: 3/4 levels left

rFire   . . .      SeeInvis .   a - +0 dagger
rCold   . . .      Faith    .   e - +2 buckler
rNeg    . . .      Spirit   .   d - +0 robe
rPois   .          Reflect  .   (no helmet)
rElec   .          Harm     .   (no cloak)
rCorr   .          Rampage  .   (no gloves)
Will    .....                   b - +0 pair of boots
Stlth   +.........              (no amulet)
HPRegen 0.07/turn               (no ring)
MPRegen 0.09/turn               (no ring)

@: mighty, lethally poisoned (0 -> -12), glowing
A: sense surroundings 1, otherworldly, glowing, explore regen
a: no special abilities


You were on level 2 of the Dungeon.
You visited 1 branch of the dungeon, and saw 2 of its levels.

You collected 31 gold pieces.

Inventory:

Hand Weapons
 a - a +0 dagger (weapon)
Armour
 b - a +0 pair of boots (worn)
 d - a +0 robe (worn)
 e - a +2 buckler (worn)
Potions
 c - a potion of lignification


   Skills:
 + Level 1.2 Fighting
 * Level 3.8 Dodging
 * Level 2.6 Shields
 * Level 1.7 Spellcasting
 + Level 2.6 Fire Magic
 + Level 1.4 Evocations


You had 3 spell levels left.
You knew the following spells:

 Your Spells              Type           Power      Damage    Failure   Level
a - Foxfire               Conj/Fire      16%        2x1d4     19%         1

Your spell library contained the following spells:

 Spells                   Type           Power      Damage    Failure   Level
 Inner Flame              Hex/Fire       4%         N/A       50%         3


Dungeon Overview and Level Annotations

Branches:
Dungeon (2/15)

Altars:


Innate Abilities, Weirdness & Mutations

You passively map a small area around you.
You are easily found by Zot.
You glow in the dark.
You regain HP and MP as you explore.


Message History

The adder misses you. The adder bites you but does no damage.
A ball python comes into view.
The ball python hisses angrily.
You hit the adder.
The adder is heavily wounded.
The adder bites you.
You are poisoned.
The adder poisons you!
You hit the adder but do no damage.
The adder is heavily wounded.
You feel sick. You block the adder's attack.
A rat comes into view.
You block the adder's attack.
You barely miss the adder.
The adder is heavily wounded.
You feel sick. The adder bites you.
You are lethally poisoned!
The adder poisons you! The ball python barely misses you.
You block the ball python's attack.
Casting: Foxfire (safe; 19% risk of failure)
Press: ? - help, Q - select action Dir - look around, f - activate You conjure some foxfire!
You feel sick.
The foxfire hits the rat.
You kill the rat!
You block the adder's attack. You block the ball python's attack.
The ball python grabs you. The ball python constricts you.
Your magical contamination has completely faded away.
You escape the ball python's grasp.
The adder attacks as you move away! The adder bites you.
* * * LOW HITPOINT WARNING * * *
You are more poisoned.
The adder poisons you!
* * * LOW HITPOINT WARNING * * *
You feel very sick.
The foxfire hits the ball python.
The ball python is moderately wounded.
The adder bites you but does no damage.
It was a potion of might.
You feel very mighty all of a sudden.
You die...

,, * , , #.. , , , ,
,,.#.#.#... * ,
...##..# , *# *#,
##.###..# , *
#.##.####...##..# ,*
* ,................#
,, *#.##.........# ,
, * #............##*
.. , *
#..........@S†##...$
######.....S....?...,
, #........######
#.#.....## * ,
#.##........ , , * *
#.####.##### #..,
.... ,, >, * ###
*#...$ , , ######


You could see an adder and a ball python.

Vanquished Creatures
  An endoplasm (D:2)
  A hobgoblin (D:2)
  4 jackals (D:1)
  A rat (D:2)
7 creatures vanquished.

Vanquished Creatures (others)
  3 foxfires
3 creatures vanquished.

Grand Total: 10 creatures vanquished

Notes
Turn   | Place    | Note
-------+----------+-------------------------------------------
     0 | D:1      | lesaewzxc the Meteoran Wanderer began the quest for the
                  | Orb.
     0 | D:1      | lesaewzxc set off with the following items: a +0 dagger, a
                  | +0 pair of boots, a potion of lignification, a +0 robe, a
                  | +2 buckler; and the following spell memorised: Foxfire; and
                  | the following spells available to memorise: Inner Flame
     0 | D:1      | Reached XP level 1. HP: 16/16 MP: 3/3
   277 | D:1      | Reached XP level 2. HP: 5/23 MP: 3/5
   498 | D:1      | Glimpsed the power of Zot.
   545 | D:2      | Succumbed to an adder's poison

Illustrated notes

Levels and vault maps discovered:
D:1:      minmay_arrival_stone_box, layout_basic, serial_shops, shop, shop
D:2:      layout_loops_ring, uniq_sigmund

Action                   || total
-------------------------++-------
Melee: Dagger            ||    52
 Cast: Foxfire           ||     3
  Use: Potion            ||     1
Armor: Robe              ||    12
Dodge: Dodged            ||    35
Block: Buckler           ||    29

Table legend: (Time is in decaauts)
 A = Elapsed time spent in this place.
 B = Non-inter-level travel time spent in this place.
 C = Inter-level travel time spent in this place.
 D = Time resting spent in this place.
 E = Time spent auto-exploring this place.
 F = Levels seen in this place.
 G = Mean time per level.
                   A        B        C        D        E       F      G
               +--------+--------+--------+--------+--------+-----+--------+
         Total |    547 |    547 |      0 |      0 |    403 |   2 |  273.5 |
       Dungeon |    547 |    547 |      0 |      0 |    403 |   2 |  273.5 |
               +--------+--------+--------+--------+--------+-----+--------+

Top non-repeatable levels by time:
     D:1: 508 daAuts
     D:2: 38 daAuts
